 Dungeon Crawl Stone Soup version 0.27.1-4-g1640c2035a (webtiles) character file.

Game seed: 18045105903596788875

2472 MisterFreud the Covert (level 9, -1/66 HPs)
             Began as a Gnoll Wanderer on Nov 12, 2021.
             Was a Priest of the Shining One.
             Slain by a yak (9 damage)
             ... on level 8 of the Dungeon on Nov 16, 2021.
             The game lasted 00:14:01 (10052 turns).

MisterFreud the Covert (Gnoll Wanderer)            Turns: 10052, Time: 00:14:02

Health: -1/66      AC: 11    Str: 12    XL:     9   Next: 51%
Magic:  16/16      EV: 12    Int: 13    God:    the Shining One [***...]
Gold:   128        SH:  0    Dex: 13    Spells: 17/18 levels left

rFire    . . .     SeeInvis .   d - +1 short sword (venom)
rCold    + . .     Faith    .   (no shield)
rNeg     + . .     Spirit   .   o - +2 ring mail {rC+}
rPois    .         Reflect  .   r - +0 helmet
rElec    .         Harm     .   m - +1 cloak
rCorr    .         Rampage  .   (no gloves)
Will     .....                  (no boots)
Stlth    ++........             y - amulet of the acrobat
HPRegen  0.21/turn              (no ring)
MPRegen  0.15/turn              (no ring)

@: glowing
A: fangs 1, strong nose, distributed training
a: Renounce Religion, Divine Shield


You were on level 8 of the Dungeon.
You worshipped the Shining One.
The Shining One was most pleased with you.
You visited 2 branches of the dungeon, and saw 9 of its levels.

You collected 304 gold pieces.
You spent 176 gold pieces at shops.

Inventory:

Hand Weapons
 a - a +0 dagger
 d - a +1 short sword of venom (weapon)
 l - a +2 quarterstaff of chaos
Missiles
 k - 19 poisoned darts (quivered)
 n - 12 boomerangs
 D - 5 javelins
Armour
 b - a +0 robe
 m - a +1 cloak (worn)
 o - a +2 ring mail of cold resistance (worn)
 r - a +0 helmet (worn)
 A - a scarf of harm
Jewellery
 y - an amulet of the acrobat (around neck)
Wands
 t - a wand of flame (46)
 B - a wand of mindburst (14)
Scrolls
 e - a scroll of enchant armour {unknown}
 g - 6 scrolls of teleportation
 j - a scroll of amnesia {unknown}
 p - a scroll of vulnerability
 s - 3 scrolls of fear
 C - a scroll of magic mapping {unknown}
 E - a scroll of fog
 F - a scroll of acquirement {unknown}
 G - a scroll of noise {unknown}
 I - a scroll of silence {unknown}
Potions
 c - 2 potions of lignification
 f - a potion of curing {unknown}
 h - 2 potions of heal wounds
 i - a potion of mutation
 q - a potion of haste {unknown}
 u - a potion of invisibility {unknown}
 v - 2 potions of ambrosia {unknown}
 w - a potion of brilliance {unknown}
 x - a potion of might {unknown}
 z - a potion of flight {unknown}
 H - a potion of magic {unknown}


   Skills:
 + Level 4.3 Fighting
 + Level 4.3 Short Blades
 + Level 5.1 Long Blades
 + Level 4.3 Axes
 + Level 4.3 Maces & Flails
 + Level 4.3 Polearms
 + Level 4.3 Staves
 + Level 4.3 Slings
 + Level 4.3 Bows
 + Level 4.3 Crossbows
 + Level 5.1 Throwing
 + Level 4.3 Armour
 + Level 5.1 Dodging
 + Level 9.0 Stealth
 + Level 4.3 Shields
 + Level 4.3 Unarmed Combat
 + Level 5.2 Spellcasting
 + Level 5.3 Conjurations
 + Level 3.5 Hexes
 + Level 3.5 Summonings
 + Level 3.5 Necromancy
 + Level 3.5 Translocations
 + Level 3.5 Transmutations
 + Level 3.5 Fire Magic
 + Level 3.5 Ice Magic
 + Level 3.5 Air Magic
 + Level 3.5 Earth Magic
 + Level 3.5 Poison Magic
 + Level 4.7 Invocations
 + Level 4.3 Evocations


You had 17 spell levels left.
You knew the following spells:

 Your Spells              Type           Power      Damage    Failure   Level
a - Magic Dart            Conj           68%        1d6       4%          1

Your spell library contained the following spells:

 Spells                   Type           Power      Damage    Failure   Level
 Beastly Appendage        Tmut           24%        N/A       9%          1
 Summon Small Mammal      Summ           48%        N/A       9%          1
 Blink                    Tloc           N/A        N/A       14%         2
 Call Imp                 Summ           12%        N/A       14%         2
 Slow                     Hex            12%        N/A       14%         2
 Wereblood                Tmut           12%        N/A       14%         2
 Conjure Flame            Conj/Fire      14%        6-21      19%         3
 Mephitic Cloud           Conj/Pois/Air  14%        N/A       22%         3
 Call Canine Familiar     Summ           12%        N/A       26%         3
 Ignite Poison            Fire/Tmut/Pois 12%        N/A       26%         3
 Portal Projectile        Hex/Tloc       24%        N/A       26%         3
 Spider Form              Tmut/Pois      6%         N/A       26%         3
 Tukima's Dance           Hex            12%        N/A       26%         3
 Sticky Flame             Conj/Fire      14%        2d4       54%         4
 Cause Fear               Hex            6%         N/A       65%         4
 Leda's Liquefaction      Hex/Erth       6%         N/A       65%         4
 Passage of Golubria      Tloc           N/A        N/A       65%         4
 Yara's Violent Unravell  Hex/Tmut       6%         3d5       94%         5
 Dragon Form              Tmut           6%         N/A       100%        7
 Dragon's Call            Summ           6%         N/A       100%        9


Dungeon Overview and Level Annotations

Branches:
Dungeon (8/15)             Temple (1/1) D:4
   Lair: D:8-11

Altars:
Ashenzari
Cheibriados
Dithmenos
Gozag
Hepliaklqana
Okawaru
Ru
Uskayaw
Yredelemnul
The Shining One

Shops:
D:1 [(([   D:3 ?   D:5 ?


Innate Abilities, Weirdness & Mutations

You have very sharp teeth.
Your uncanny sense of smell can sniff out nearby items.
Your experience applies equally to all skills.


Message History

You hit the yak.
The yak looks as sick as possible!
You bite the yak, but do no damage.
The yak is heavily wounded.
The yak gores you.
You kill the yak!
Your Stealth skill increases to level 9!
You hit the yak.
The yak is almost dead.
The yak gores you!
You hit the yak but do no damage.
The yak looks as sick as possible!
The yak is almost dead.
You kill the yak!
You hit the yak but do no damage.
The yak is poisoned.
The yak barely misses you.
You hit the yak.
The yak looks as sick as possible!
The yak is lightly wounded.
You barely miss the yak.
The yak is lightly wounded.
You hit the yak.
The yak is lightly wounded.
The yak gores you. x2
You hit the yak but do no damage. You bite the yak.
The yak is lightly wounded.
The yak gores you. x2
You hit the yak. You bite the yak, but do no damage.
The yak is moderately wounded.
The yak gores you. The yak gores you!
* * * LOW HITPOINT WARNING * * *
You hit the yak.
The yak looks as sick as possible!
The yak is heavily wounded.
The yak misses you.
You hit the yak.
The yak looks as sick as possible!
Your bite misses the yak.
The yak is heavily wounded.
The yak gores you!
* * * LOW HITPOINT WARNING * * *
The yak gores you but does no damage.
You hit the yak.
The yak looks as sick as possible!
The yak is severely wounded.
The yak gores you but does no damage. The yak gores you!
You die...

.......#
#))..#.#.Y##
########
#....#.#..#
#....#.#..#
#....#.#..#
#....#.#..#
###+##.# #
#.# .#
#Y#..# ∆
#@Y..#
####.# # ∆


You could see 2 yaks.

Vanquished Creatures
  3 yaks (D:8)
  2 water moccasins (D:7)
  An orc warrior (D:6)
  A black bear (D:6)
  4 necrophages
  2 ogres (D:5)
  A phantom (D:4)
  A kobold brigand (D:6)
  2 scorpions
  A wyvern zombie (D:8)
  2 killer bees (D:8)
  A centaur zombie (D:6)
  3 hounds
  2 orc priests (D:6)
  Crazy Yiuf (D:2)
  A bullfrog skeleton (D:5)
  3 iguanas
  6 orc wizards
  2 killer bee zombies
  A hound skeleton (D:4)
  A howler monkey zombie (D:6)
  Robin (D:3)
  5 gnolls
  6 adders
  An ufetubus (D:8)
  2 adder skeletons
  A worm (D:2)
  A dart slug (D:4)
  13 orcs
  5 bats
  4 endoplasms
  4 giant cockroaches
  9 hobgoblins
  4 jackals (D:3)
  14 kobolds
  2 quokkas (D:1)
  9 ball pythons
  3 frilled lizards
  12 goblins
  6 rats
143 creatures vanquished.

Notes
Turn   | Place    | Note
-------+----------+-------------------------------------------
     0 | D:1      | MisterFreud the Gnoll Wanderer began the quest for the Orb.
     0 | D:1      | MisterFreud set off with the following items: a +0 dagger,
                  | a +0 robe, a potion of lignification; and the following
                  | spells available to memorise: Magic Dart, Summon Small
                  | Mammal, Conjure Flame, Blink, Call Imp, Slow, Mephitic
                  | Cloud, Call Canine Familiar
     0 | D:1      | Reached XP level 1. HP: 13/13 MP: 4/4
     2 | D:1      | Learned a level 1 spell: Magic Dart
     4 | D:1      | Noticed a demonspawn
     6 | D:1      | Noticed a tengu
     6 | D:1      | Noticed a troll
     8 | D:1      | Noticed a djinni
     8 | D:1      | Noticed a human
    10 | D:1      | Noticed a merfolk
    10 | D:1      | Noticed a draconian
    12 | D:1      | Noticed an elf
    12 | D:1      | Noticed an octopode
    14 | D:1      | Noticed a gargoyle
    14 | D:1      | Noticed a naga
    16 | D:1      | Noticed an ogre
    16 | D:1      | Noticed a ghoul
    18 | D:1      | Noticed a demigod
    20 | D:1      | Noticed a felid
    20 | D:1      | Noticed a spriggan
    22 | D:1      | Noticed a dwarf
    24 | D:1      | Noticed a palentonga
    24 | D:1      | Noticed a barachi
    26 | D:1      | Noticed a vine stalker
    26 | D:1      | Noticed a formicid
    28 | D:1      | Noticed a vampire
    28 | D:1      | Noticed a minotaur
   214 | D:1      | Reached XP level 2. HP: 9/19 MP: 1/5
   817 | D:1      | Reached XP level 3. HP: 24/25 MP: 4/7
   843 | D:1      | Found Faoreff's Weapon Boutique.
   851 | D:1      | Found Nupipog's Weapon Emporium.
   866 | D:1      | Found Eddan's Armour Boutique.
  1099 | D:1      | Found Efojoepn's Armour Boutique.
  1304 | D:2      | Reached skill level 1 in Invocations
  1570 | D:2      | Reached skill level 1 in Fighting
  1570 | D:2      | Reached skill level 1 in Short Blades
  1570 | D:2      | Reached skill level 1 in Axes
  1570 | D:2      | Reached skill level 1 in Maces & Flails
  1570 | D:2      | Reached skill level 1 in Polearms
  1570 | D:2      | Reached skill level 1 in Staves
  1570 | D:2      | Reached skill level 1 in Slings
  1570 | D:2      | Reached skill level 1 in Bows
  1570 | D:2      | Reached skill level 1 in Crossbows
  1570 | D:2      | Reached skill level 1 in Armour
  1570 | D:2      | Reached skill level 1 in Shields
  1570 | D:2      | Reached skill level 1 in Unarmed Combat
  1570 | D:2      | Reached skill level 1 in Evocations
  1701 | D:2      | Reached XP level 4. HP: 25/32 MP: 8/8
  2445 | D:2      | Found a runed translucent door.
  2446 | D:2      | Noticed Crazy Yiuf
  2926 | D:2      | Killed Crazy Yiuf
  2927 | D:2      | Reached skill level 1 in Hexes
  2927 | D:2      | Reached skill level 1 in Summonings
  2927 | D:2      | Reached skill level 1 in Necromancy
  2927 | D:2      | Reached skill level 1 in Translocations
  2927 | D:2      | Reached skill level 1 in Transmutations
  2927 | D:2      | Reached skill level 1 in Fire Magic
  2927 | D:2      | Reached skill level 1 in Ice Magic
  2927 | D:2      | Reached skill level 1 in Air Magic
  2927 | D:2      | Reached skill level 1 in Earth Magic
  2927 | D:2      | Reached skill level 1 in Poison Magic
  3173 | D:3      | Found Dyraipn's Magic Scroll Shoppe.
  3182 | D:3      | Bought a scroll of teleportation for 30 gold pieces
  3182 | D:3      | Bought a scroll of identify for 20 gold pieces
  3277 | D:3      | Noticed Robin
  3279 | D:3      | Reached XP level 5. HP: 37/37 MP: 1/9
  3290 | D:3      | Killed Robin
  3539 | D:3      | Found a faded altar of an unknown god.
  3557 | D:3      | Became a worshipper of the Shining One
  3557 | D:3      | Reached * piety under the Shining One
  4362 | D:4      | Reached skill level 8 in Stealth
  4526 | D:4      | Noticed a phantom
  4535 | D:4      | Found a staircase to the Ecumenical Temple.
  4550 | D:4      | The Shining One protects you from harm!
  4967 | D:4      | Reached XP level 6. HP: 27/44 MP: 9/11
  5136 | D:4      | Found a shadowy altar of Dithmenos.
  5136 | D:4      | Found a broken altar of Ashenzari.
  5366 | D:4      | Found a snail-covered altar of Cheibriados.
  5366 | D:4      | Found an iron altar of Okawaru.
  5439 | Temple   | Entered the Ecumenical Temple
  5455 | D:5      | Entered Level 5 of the Dungeon
  5935 | D:5      | Reached XP level 7. HP: 49/50 MP: 12/12
  6137 | D:5      | Reached ** piety under the Shining One
  6216 | D:5      | Reached XP level 8. HP: 33/57 MP: 14/14
  6455 | D:5      | Found Leppuuc's Magic Scroll Emporium.
  6458 | D:5      | Bought a scroll of fear for 38 gold pieces
  6458 | D:5      | Bought a scroll of fog for 22 gold pieces
  6458 | D:5      | Bought a scroll of teleportation for 33 gold pieces
  6458 | D:5      | Bought a scroll of teleportation for 33 gold pieces
  7345 | D:6      | HP: 2/58 [poisoned by a kobold brigand]
  9249 | D:7      | Found a basalt altar of Yredelemnul.
  9273 | D:7      | Reached XP level 9. HP: 47/65 MP: 16/16
  9297 | D:8      | Reached skill level 5 in Conjurations
  9768 | D:8      | Reached skill level 5 in Spellcasting
 10008 | D:8      | Reached *** piety under the Shining One
 10029 | D:8      | Reached skill level 5 in Long Blades
 10029 | D:8      | Reached skill level 5 in Throwing
 10029 | D:8      | Reached skill level 5 in Dodging
 10036 | D:8      | Reached skill level 9 in Stealth
 10052 | D:8      | Slain by a yak

Illustrated notes

Levels and vault maps discovered:
D:1:      kb_arrival_jail, layout_loops_cross, serial_shops,
          nicolae_shop_temple_entry_statues_fountains, nicolae_square_shop,
          shop, nicolae_shop_behind_doors, minmay_misc_feat_square,
          minmay_pentomino_z2
D:2:      layout_basic, kennysheep_pointless_box, uniq_crazy_yiuf_cottage
D:3:      layout_loops_ring, dreamdust_ecumenical_altar_statues, serial_shops,
          nicolae_shop_trees, lightli_corner_chamber, uniq_robin
D:4:      layout_loops_cross, mainiacjoe_overflow_large_starburst,
          gammafunk_temple_overflow_pools, temple_fountains, st_stairs_12
D:5:      layout_layer_cave, serial_shops, nicolae_shop_behind_doors
D:6:      layout_gridville
D:7:      layout_layer_cave, vehumet_statue, overflow_temple_1_default,
          serial_undead, serial_undead_d, serial_undead_e, serial_undead_f,
          serial_undead_a, serial_undead_d, serial_undead_a,
          gammafunk_ghost_stat_death, uniq_harold
D:8:      layout_basic, good_gods_temple_1
Temple:   dpeg_three_leaves_temple

Skill      XL: |  1  2  3  4  5  6  7  8  9 |
---------------+----------------------------+-----
Invocations    | 1 2 3 4 |  4.7
Fighting       | 1 2 3 4 |  4.3
Short Blades   | 1 2 3 4 |  4.3
Axes           | 1 2 3 4 |  4.3
Maces & Flails | 1 2 3 4 |  4.3
Polearms       | 1 2 3 4 |  4.3
Staves         | 1 2 3 4 |  4.3
Slings         | 1 2 3 4 |  4.3
Bows           | 1 2 3 4 |  4.3
Crossbows      | 1 2 3 4 |  4.3
Armour         | 1 2 3 4 |  4.3
Shields        | 1 2 3 4 |  4.3
Unarmed Combat | 1 2 3 4 |  4.3
Evocations     | 1 2 3 4 |  4.3
Spellcasting   | 3 4 5 |  5.2
Hexes          | 1 2 3 |  3.5
Summonings     | 1 2 3 |  3.5
Necromancy     | 1 2 3 |  3.5
Translocations | 1 2 3 |  3.5
Transmutations | 1 2 3 |  3.5
Fire Magic     | 1 2 3 |  3.5
Ice Magic      | 1 2 3 |  3.5
Air Magic      | 1 2 3 |  3.5
Earth Magic    | 1 2 3 |  3.5
Poison Magic   | 1 2 3 |  3.5
Long Blades    | 3 4 5 |  5.1
Throwing       | 3 4 5 |  5.1
Dodging        | 3 4 5 |  5.1
Conjurations   | 4 5 |  5.3
Stealth        | 8 9 |  9.0

Action                   |  1- 3 |  4- 6 |  7- 9 || total
-------------------------+-------+-------+-------++-------
Melee: Dagger            |     7 |       |       ||     7
       Short sword       |    41 |   159 |   311 ||   511
       Bite              |     3 |    17 |    28 ||    48
       Punch             |       |       |     2 ||     2
Throw: Dart              |       |    14 |    28 ||    42
 Cast: Magic Dart        |    33 |    32 |    31 ||    96
Evoke: Wand              |       |       |     3 ||     3
  Use: Scroll            |       |     2 |     1 ||     3
       Potion            |       |       |     1 ||     1
 Stab: Sleeping          |     9 |     3 |       ||    12
Armor: Robe              |     6 |     6 |       ||    12
       Ring mail         |       |    52 |   136 ||   188
Dodge: Dodged            |    16 |    72 |   212 ||   300
